 Dungeon Crawl Stone Soup version 0.31.0-11-ge490571c62 (webtiles) character file.

Game seed: 5138169961610553331

224 qw the Shooter (level 5, -4/26 HPs)
             Began as a Spriggan Hunter on Feb 4, 2024.
             Slain by a gnoll
             ... wielding a +0 spear
              (5 damage)
             ... on level 4 of the Dungeon.
             The game lasted 00:00:06 (2168 turns).

qw the Shooter (Spriggan Hunter)                    Turns: 2168, Time: 00:00:07

Health: -4/26      AC:  2    Str:  7    XL:     5   Next: 67%
Magic:  6/6        EV: 25    Int: 11    God:
Gold:   146        SH:  0    Dex: 20    Spells: 4/4 levels left

rFire   . . .        a - +1 shortbow
rCold   . . .        (shield currently unavailable)
rNeg    . . .        c - +0 robe
rPois   .            (helmet restricted)
rElec   .            (no cloak)
rCorr   .            (gloves unavailable)
SInv    +            (boots unavailable)
Will    .....        (no amulet)
Stlth   ++           d - +5 ring of evasion
HPRegen 0.24/turn    (no ring)
MPRegen 0.10/turn

%: no passive effects
@: very quick
A: very small, no large weapons, unfitting armour, see invisible, speed 3
a: no special abilities


You were on level 4 of the Dungeon.
You visited 1 branch of the dungeon, and saw 4 of its levels.

You collected 146 gold pieces.


Innate Abilities, Weirdness & Mutations

You are very small and have problems with some larger weapons.
You are too small for most types of armour.
You have supernaturally acute eyesight. (SInv)
You cover ground extremely quickly. (Speed+++)


   Skills:
 - Level 2.3 Fighting
 + Level 5.7 Ranged Weapons
 - Level 5.2 Dodging
 - Level 1.5 Stealth


You had 4 spell levels left.
You didn't know any spells.
Your spell library was empty.

Inventory:

Hand Weapons
 a - a +1 shortbow (weapon)
Armour
 c - a +0 robe (worn)
Jewellery
 d - a +5 ring of evasion (left hand)
Wands
 h - a wand of roots (9)
Potions
 e - a potion of mutation
 g - a potion of enlightenment

Dungeon Overview and Level Annotations

Branches:
Dungeon (4/15)
 Temple: D:4-7

Altars:

Annotations:
D:3 1 runed translucent door, Crazy Yiuf


Message History

You kill the kobold!
A gnoll comes into view. It is wielding a +0 flail.
You shoot an arrow. The gnoll shouts!
The arrow hits the gnoll.
The gnoll is lightly wounded.
You hear a shout!
You shoot an arrow. The arrow hits the gnoll.
The gnoll is heavily wounded.
You shoot an arrow.
The arrow hits the gnoll but does no damage.
The gnoll is heavily wounded.
Something unseen opens the door.
You shoot an arrow. The arrow hits the gnoll!
You kill the gnoll!
You hear a shout!
A gnoll comes into view. It is wielding a +0 flail.
You shoot an arrow. The arrow barely misses the gnoll.
A gnoll comes into view. It is wielding a +0 spear.
You shoot an arrow. The arrow hits the gnoll.
The gnoll is lightly wounded.
You shoot an arrow. The arrow barely misses the gnoll.
The gnoll hits you with a +0 flail!
Ouch! That really hurt!
A gnoll comes into view. It is wielding a +0 spear.
The gnoll closely misses you.
You shoot an arrow. The arrow hits the gnoll.
The gnoll is moderately wounded.
The gnoll closely misses you.
You shoot an arrow. The arrow hits the gnoll!
The gnoll is almost dead.
The gnoll hits you with a +0 flail.
You shoot an arrow. The arrow hits the gnoll.
The gnoll is almost dead.
The gnoll completely misses you.
The gnoll hits you from afar with a +0 spear!
You shoot an arrow. The arrow hits the gnoll.
You kill the gnoll!
The gnoll hits you from afar with a +0 spear.
You die...

###+## ##
#....##...
#.).......
#<........
##...##...
#@).#
+.......g#
#........'..
######.g)##...
#...# .. .....
. ......
.......


You could see 2 gnolls.

Vanquished Creatures
  A bullfrog (D:3)
  Natasha (thrice) (D:3)
  An orc wizard (D:3)
  An adder (D:3)
  2 gnolls (D:4)
  2 ribbon worms (D:2)
  4 orcs (D:3)
  A ball python (D:3)
  3 endoplasms
  3 giant cockroaches
  5 goblins
  2 hobgoblins (D:1)
  A quokka (D:2)
  2 bats (D:1)
  2 frilled lizards (D:1)
  4 kobolds
  4 rats (D:1)
41 creatures vanquished.

Notes
Turn   | Place    | Note
-------+----------+-------------------------------------------
     0 | D:1      | qw the Spriggan Hunter began the quest for the Orb.
     0 | D:1      | Reached XP level 1. HP: 10/10 MP: 2/2
     0 | D:1      | 0 ||| qw: Version: 0.3-a-160-g6735b56
     0 | D:1      | 0 ||| qw: Game counter: 5346
     0 | D:1      | 0 ||| qw: Melee chars always use a shield: true
     0 | D:1      | 0 ||| qw: God list: Okawaru
     0 | D:1      | 0 ||| qw: Allow faded altars: false
     0 | D:1      | 0 ||| qw: Do Orc after clearing Dungeon:15 true
     0 | D:1      | 0 ||| qw: Do second Lair branch before Depths: true
     0 | D:1      | 0 ||| qw: Lair rune preference: random
     0 | D:1      | 0 ||| qw: Goals: Normal
     0 | D:1      | 0 ||| PLANNING D:1-11
    47 | D:1      | Reached skill level 3 in Dodging
   194 | D:1      | Reached XP level 2. HP: 14/14 MP: 3/3
   360 | D:1      | Found a faded altar of an unknown god.
   488 | D:1      | 488 ||| READING scroll labelled CAELEXEK GAXUM.
   488 | D:1      | 488 ||| ENCHANTING +0 shortbow.
   489 | D:1      | 489 ||| READING scroll labelled XIMOAFFYNEN.
   490 | D:1      | 490 ||| DROPPING scroll of butterflies.
  1174 | D:2      | 1174 ||| READING scroll labelled VOUVIT IPSEH.
  1174 | D:2      | 1174 ||| IDENTIFYING sedimented black potion
  1175 | D:2      | 1175 ||| READING scroll labelled YRAOQ ZOALATOTS.
  1176 | D:2      | 1176 ||| READING scroll labelled GAICIT WUVU.
  1271 | D:3      | Noticed Natasha
  1273 | D:3      | 1273 ||| FLEEEEING.
  1280 | D:3      | Killed Natasha
  1281 | D:3      | Reached XP level 3. HP: 13/18 MP: 4/4
  1414 | D:3      | Noticed Natasha
  1419 | D:3      | Killed Natasha
  1420 | D:3      | Reached XP level 4. HP: 12/22 MP: 5/5
  1585 | D:3      | Noticed Natasha
  1588 | D:3      | Killed Natasha
  1749 | D:3      | Reached XP level 5. HP: 26/26 MP: 6/6
  1802 | D:3      | Found a runed translucent door.
  1803 | D:3      | Noticed Crazy Yiuf
  1974 | D:3      | 1974 ||| UPGRADING to +5 ring of evasion.
  1975 | D:3      | 1975 ||| READING 2 scrolls of identify.
  1975 | D:3      | 1975 ||| IDENTIFYING bubbling ruby potion
  1976 | D:3      | 1976 ||| READING scroll of identify.
  1976 | D:3      | 1976 ||| IDENTIFYING bubbling green potion
  1977 | D:3      | 1977 ||| READING scroll labelled ENUKLUAM ETUU.
  2078 | D:3      | 2078 ||| READING scroll labelled NOPNIA DUPO.
  2079 | D:3      | 2079 ||| DROPPING potion of degeneration.
  2139 | D:4      | 2139 ||| STAIRDANCE
  2167 | D:4      | HP: 1/26 [gnoll/+0 spear (10)]
  2168 | D:4      | Slain by a gnoll

Levels and vault maps discovered:
D:1:      enne_arrival_octagon_isle, layout_rooms,
          hellmonk_ecumenical_altar_zigzags
D:2:      layout_loops_ring
D:3:      layout_basic, hex_large, uniq_natasha, uniq_crazy_yiuf_cottage
D:4:      layout_gridville, minmay_temple_entry_stoned_glass

Skill      XL: |  1  2  3  4 |
---------------+-------------+-----
Dodging        | 3 4 5 |  5.2
Ranged Weapons | 5 |  5.7
Fighting       | 2 |  2.3
Stealth        | |  1.5

Action                     |  1- 3 |  4- 6 || total
---------------------------+-------+-------++-------
   Fire: Shortbow          |    91 |    45 ||   136
    Use: Scroll            |     5 |     4 ||     9
 Armour: Robe              |     6 |     6 ||    12
  Dodge: Dodged            |    18 |    15 ||    33

Table legend:
 A = Non-vault XP
 B = Vault XP
 C = Vault XP percentage of total XP
 D = Non-vault monster count
 E = Vault monster count
 F = Vault count percentage of total count
                 A         B        C        D         E       F
            +---------+---------+-------+---------+---------+-------
      Total |     301 |      35 |  10.4 |      40 |       1 |   2.4
            +---------+---------+-------+---------+---------+-------
        D:1 |      23 |       0 |   0.0 |      16 |       0 |   0.0
        D:2 |      12 |       0 |   0.0 |       4 |       0 |   0.0
        D:3 |     236 |      35 |  12.9 |      17 |       1 |   5.6
        D:4 |      30 |       0 |   0.0 |       3 |       0 |   0.0
            +---------+---------+-------+---------+---------+-------
